 Dungeon Crawl Stone Soup version 0.31-a0-1529-g7bd419a0e5 (webtiles) character file.

Game seed: 4669485814583994881

100 Flugslaktarn the Trooper (level 4, -2/42 HPs)
             Began as a Minotaur Fighter on Jan 1, 2024.
             Slain by a gnoll
             ... wielding a +0 halberd
              (9 damage)
             ... on level 3 of the Dungeon.
             The game lasted 00:00:45 (1738 turns).

Flugslaktarn the Trooper (Minotaur Fighter)         Turns: 1738, Time: 00:00:46

Health: -2/42      AC:  9    Str: 23    XL:     4   Next: 46%
Magic:  3/3        EV:  9    Int:  5    God:
Gold:   115        SH:  4    Dex:  9    Spells: 3/3 levels left

rFire   . . .        a - +0 war axe
rCold   . . .        c - +0 buckler
rNeg    . . .        p - +1 scale mail of Ranau {Slay+3}
rPois   .            (helmet restricted)
rElec   .            (no cloak)
rCorr   .            q - +0 pair of gloves
SInv    +            (no boots)
Will    .....        (no amulet) Stlth
                     i - ring of see invisible
HPRegen 0.27/turn    (no ring)
MPRegen 0.08/turn

%: no passive effects
@: no status effects
A: horns 2, retaliatory headbutt
a: no special abilities


You were on level 3 of the Dungeon.
You visited 1 branch of the dungeon, and saw 3 of its levels.

You collected 115 gold pieces.

Inventory:

Hand Weapons
 a - a +0 war axe (weapon)
Armour
 b - a +0 scale mail
 c - a +0 buckler (worn)
 p - the +1 scale mail of Ranau (worn) {Slay+3}
   (You found it on level 2 of the Dungeon)

   Slay+3:    It affects your accuracy & damage with ranged weapons and melee
   (+3).
 q - a +0 pair of gloves (worn)
   (You found it on level 3 of the Dungeon)
Jewellery
 i - a ring of see invisible (left hand)
   (You found it on level 1 of the Dungeon)
Scrolls
 e - 3 scrolls of blinking {unknown}
 g - a scroll of torment {unknown}
 k - a scroll of teleportation {unknown}
 l - 4 scrolls of identify {unknown}
 o - a scroll of fog {unknown}
Potions
 d - a potion of might
 f - a potion of brilliance {unknown}
 h - a potion of enlightenment {unknown}
 j - a potion of attraction {unknown}
 m - a potion of heal wounds {unknown}
 n - 2 potions of invisibility {unknown}


   Skills:
 * Level 5.0 Fighting
 * Level 4.0 Axes
 + Level 4.3 Armour
 - Level 3.6 Shields


You had 3 spell levels left.
You didn't know any spells.
Your spell library contained the following spells:

 Spells                   Type           Power      Damage    Failure   Level
 Kiss of Death            Conj/Necr      0%         2d5       85%         1
 Necrotise                Necr           0%         1d4       85%         1
 Slow                     Hex            0%         N/A       85%         1
 Confusing Touch          Hex            0%         N/A       99%         3
 Sigil of Binding         Hex            0%         N/A       99%         3
 Vampiric Draining        Necr           0%         2d6       99%         3
 Dispel Undead            Necr           0%         3d6       100%        4
 Martyr's Knell           Necr/Summ      0%         N/A       100%        4
 Curse of Agony           Necr           0%         N/A       100%        5


Dungeon Overview and Level Annotations

Branches:
Dungeon (3/15)

Altars:

Annotations:
D:1 1 transporter


Innate Abilities, Weirdness & Mutations

You have a pair of horns on your head.
You reflexively headbutt those who attack you in melee.


Message History

The ball python moves out of view.
A hound is nearby!
A hound is nearby!
A hound is nearby!
A rat comes into view.
The ball python bites you but does no damage.
The ball python misses you.
You hit the hound.
The hound is lightly wounded.
You slash the ball python!
You kill the ball python!
You block the hound's attack.
A kobold comes into view. It is wielding a +0 dagger.
You block the hound's attack.
You barely miss the hound.
The hound is lightly wounded.
The hound bites you. The hound closely misses you. You furiously retaliate!
You headbutt the hound. You hit the hound.
The hound is severely wounded.
You hit the rat.
You kill the rat!
The hound bites you but does no damage. x2
You barely miss the hound.
The hound is severely wounded.
The hound bites you but does no damage. x2
You hit the hound.
The hound is almost dead.
The hound bites you but does no damage. x2
You barely miss the hound.
The hound is almost dead.
You slash the kobold!
You kill the kobold!
The hound completely misses you. The hound bites you but does no damage.
You hit the hound.
You kill the hound!
You have reached level 4!
You feel stronger.
Things that are here:
a +0 dagger; a kobold corpse; a ball python corpse A gnoll comes into view.
It is wielding a +0 spear.
The gnoll moves out of view. 3 gnolls come into view.
Found 4 stones.
The gnoll shouts! x3; You hear a shout!
There are monsters nearby!
There are monsters nearby!
An orc comes into view. It is wielding a +0 dagger.
The gnoll hits you from afar with a +0 spear.
The gnoll hits you but does no damage. The gnoll closely misses you.
The gnoll barely misses you. The gnoll hits you with a +0 spear.
The gnoll hits you but does no damage. The gnoll closely misses you.
The gnoll hits you but does no damage. The gnoll attacks as it pursues you!
The gnoll hits you but does no damage.
You hit the gnoll.
The gnoll is moderately wounded.
The gnoll hits you with a +4 flail.
The gnoll hits you from afar with a +0 spear.
The gnoll hits you but does no damage.
You hit the gnoll.
The gnoll is heavily wounded.
The gnoll barely misses you. The gnoll hits you with a +4 flail!
You closely miss the gnoll. Your headbutt misses the gnoll.
The gnoll is heavily wounded.
The gnoll closely misses you. You block the gnoll's attack.
You slash the gnoll!
You kill the gnoll!
The gnoll hits you from afar with a +0 spear. x2
The gnoll hits you but does no damage. x2
Things that are here:
a +4 flail; a gnoll corpse You slash the gnoll!
The gnoll is severely wounded.
The gnoll hits you but does no damage.
The gnoll hits you from afar with a +0 spear.
You hit the gnoll.
You kill the gnoll!
The gnoll barely misses you.
Your Fighting skill increases to level 5!
Your Axes skill increases to level 4!
The gnoll barely misses you. The gnoll hits you with a +0 spear.
You see here a +0 spear.
You are too injured to fight recklessly!
You are too injured to fight recklessly!
You are too injured to fight recklessly!
You hit the gnoll.
The gnoll is moderately wounded.
The gnoll barely misses you. The gnoll hits you with a +0 spear!
* * * LOW HITPOINT WARNING * * *
The gnoll hits you from afar with a +0 halberd.
* * * LOW HITPOINT WARNING * * *
You hit the gnoll but do no damage.
The gnoll is moderately wounded.
The gnoll hits you with a +0 spear.
* * * LOW HITPOINT WARNING * * *
The gnoll barely misses you. You block the gnoll's attack.
You slash the gnoll!
You kill the gnoll!
The gnoll hits you from afar with a +0 halberd!
You die...

.....##..†..#######
#...(##..)..#......
#....##..)........#
#..o.##.###.......#
### #....##.#
#.......#
....#....##.#
#........
#.......##.###........
#......o##)...........
#......g)@............
#.....########........
+..... #########
#....# #.... #....
#...


You could see a gnoll and an orc.

Vanquished Creatures
  A hound (D:3)
  4 gnolls
  An adder (D:2)
  A dart slug (D:1)
  4 endoplasms
  3 goblins
  3 hobgoblins
  A quokka (D:1)
  A ball python (D:3)
  4 bats
  3 frilled lizards
  3 kobolds
  4 rats
33 creatures vanquished.

Notes
Turn   | Place    | Note
-------+----------+-------------------------------------------
     0 | D:1      | Flugslaktarn the Minotaur Fighter began the quest for the
                  | Orb.
     0 | D:1      | Reached XP level 1. HP: 19/19 MP: 0/0
   110 | D:1      | HP: 1/20 [gnoll/+0 flail (5)]
   113 | D:1      | Reached skill level 4 in Fighting
   113 | D:1      | Reached XP level 2. HP: 2/27 MP: 1/1
   701 | D:2      | Reached XP level 3. HP: 33/33 MP: 2/2
  1145 | D:2      | Identified the +1 scale mail of Ranau {Slay+3}
  1269 | D:2      | You fall into a shaft and drop 1 floor!
  1707 | D:3      | Reached XP level 4. HP: 41/41 MP: 3/3
  1735 | D:3      | Reached skill level 5 in Fighting
  1738 | D:3      | Slain by a gnoll

Illustrated notes

Levels and vault maps discovered:
D:1:      spicycebolla_arrival_risky_transporter, layout_basic,
          kennysheep_doodads
D:2:      layout_basic
D:3:      layout_basic, worldfamousw_hep_ancestral_shrine, grunt_decor_clamped

Skill      XL: |  1  2  3  4 |
---------------+-------------+-----
Fighting       | 4 5 |  5.0
Axes           | 3 4 |  4.0
Armour         | 4 |  4.3
Shields        | |  3.6

Action                     |  1- 3 |  4- 6 || total
---------------------------+-------+-------++-------
  Melee: War axe           |    61 |     9 ||    70
         Headbutt          |     2 |       ||     2
 Armour: Scale mail        |    46 |    21 ||    67
  Dodge: Dodged            |    26 |     9 ||    35
  Block: Buckler           |    17 |     2 ||    19

Table legend: (Time is in decaauts)
 A = Elapsed time spent in this place.
 B = Non-inter-level travel time spent in this place.
 C = Inter-level travel time spent in this place.
 D = Time resting spent in this place.
 E = Time spent auto-exploring this place.
 F = Levels seen in this place.
 G = Mean time per level.
                   A        B        C        D        E       F      G
               +--------+--------+--------+--------+--------+-----+--------+
         Total |   1763 |   1669 |     94 |    101 |   1316 |   3 |  587.7 |
       Dungeon |   1763 |   1669 |     94 |    101 |   1316 |   3 |  587.7 |
               +--------+--------+--------+--------+--------+-----+--------+

Top non-repeatable levels by time:
     D:2: 873 daAuts
     D:1: 706 daAuts
     D:3: 183 daAuts
